 Dungeon Crawl Stone Soup version 0.31-a0-949-g57150269e1 (webtiles) character file.

Game seed: 12155655246720829636

52 quinnr the Gusty (level 3, 0/19 HPs)
             Began as a Tengu Air Elementalist on Oct 22, 2023.
             Killed by their own static electricity (2 damage)
             ... on level 4 of the Dungeon.
             The game lasted 00:03:06 (1947 turns).

quinnr the Gusty (Tengu Air Elementalist)           Turns: 1947, Time: 00:03:07

Health: 0/19       AC:  2    Str:  8    XL:     3   Next: 85%
Magic:  0/7        EV: 12    Int: 17    God:
Gold:   74         SH:  0    Dex: 14    Spells: 0/6 levels left

rFire   . . .        (no weapon)
rCold   . . .        (no shield)
rNeg    . . .        a - +0 robe
rPois   .            (helmet restricted)
rElec   .            d - scarf {shadows}
rCorr   .            (no gloves)
SInv    .            (boots unavailable)
Will    .....        (no amulet)
Stlth   ++           (no ring)
HPRegen 0.23/turn    (no ring)
MPRegen 0.10/turn

%: acrobat
@: no status effects
A: beak, talons 3, acrobatic
a: no special abilities


You were on level 4 of the Dungeon.
You visited 1 branch of the dungeon, and saw 4 of its levels.

You collected 74 gold pieces.


Innate Abilities, Weirdness & Mutations

You have a beak for a mouth.
You have claws for feet.
You can magically evade attacks while moving or waiting.


   Skills:
 - Level 2.1 Dodging
 - Level 2.0 Stealth
 - Level 2.0 Spellcasting
 - Level 1.3 Conjurations
 * Level 6.2 Air Magic


You couldn't memorise any spells.
You knew the following spells:

 Your Spells              Type           Power      Damage    Failure   Level
i - Swiftness             Air            22%        N/A       4%          3
t - Static Discharge      Conj/Air       28%        3-5/arc   6%          2
z - Shock                 Conj/Air       56%        1d6       4%          1

Your spell library contained the following spells:

 Spells                   Type           Power      Damage    Failure   Level
 Airstrike                Air            11%        2d(2-18)  16%         4

Inventory:

Armour
 a - a +0 robe (worn)
 d - a scarf of shadows (worn)
Scrolls
 c - 2 scrolls of revelation {unknown}
 e - 2 scrolls of identify {unknown}
 g - a scroll of vulnerability {unknown}
Potions
 b - a potion of magic
 f - 2 potions of curing {unknown}

Dungeon Overview and Level Annotations

Branches:
Dungeon (4/15)
 Temple: D:4-7

Altars:

Annotations:
D:3 exclusion: downstairs
D:4 Ijyb

.## #### ... ...
.. .. ..##....Z.
#.# #. g.##.....
#.# #.#...w....
#.# #..$.##O..
#.# #.# #..# #
?#####.######.#
#..##h#. .#
#..........@g..#
#<...... ..###.
#####.########
#..)...##
...#.#######.#
#gS#####
#............#
#..#
#..#.#########
#..# #..#.# #..#
#..#.# #..#
#..#.###
.<.....#


You could see Ijyb.


Message History

The zap misses Ijyb.
The zap hits Ijyb but does no damage.
Ijyb is moderately wounded.
Ijyb screams, "Me stronger than you!"
Unknown command.
Casting: Shock (safe; 4% risk of failure)
Confirm with . or Enter, or press ? or * to list all spells.
Aiming: Shock (safe; 4% risk of failure)
Press: ? - help, Shift-Dir - straight line The zap hits Ijyb but does no damage.
Ijyb is moderately wounded.
The zap hits Ijyb.
Ijyb is moderately wounded.
Ijyb hits you with a +0 club.
Casting: Shock (safe; 4% risk of failure)
Confirm with . or Enter, or press ? or * to list all spells.
Ijyb is struck by an arc of lightning.
Ijyb is moderately wounded.
You are struck by an arc of lightning.
The lightning grounds out.
Ijyb zaps a wand.
The bolt of dispelling energy hits you!
Ouch! That really hurt!
* * * LOW HITPOINT WARNING * * *
Unknown command.
Unknown command.
Casting: Static Discharge (safe; 6% risk of failure)
Confirm with . or Enter, or press ? or * to list all spells.
Ijyb is struck by an arc of lightning.
Ijyb is heavily wounded.
You are struck by an arc of lightning.
You die...

Skill      XL: |  1  2  3 |
---------------+----------+-----
Air Magic      | 5 6 |  6.2
Dodging        | |  2.1
Stealth        | |  2.0
Spellcasting   | |  2.0
Conjurations   | |  1.3

Action                     || total
---------------------------++-------
  Melee: Unarmed           ||     2
   Cast: Shock             ||    69
         Static Discharge  ||     1
 Armour: Robe              ||    11
  Dodge: Dodged            ||    13

Levels and vault maps discovered:
D:1:      lemuel_arrival_cross, layout_loops_ring, minivault_4, chequers_avenue
D:2:      kennysheep_big_flooded_room, layout_rooms
D:3:      layout_loops_ring, old_standard_altar, ebering_dispersal_statue_hall
D:4:      layout_loops_ring, mainiacjoe_overflow_cross_hatched,
          dk_yredelemnul_ordeal, uniq_ijyb

Notes
Turn   | Place    | Note
-------+----------+-------------------------------------------
     0 | D:1      | quinnr the Tengu Air Elementalist began the quest for the
                  | Orb.
     0 | D:1      | Reached XP level 1. HP: 10/10 MP: 4/4
   258 | D:1      | HP: 1/10 [quokka (4)]
   266 | D:1      | Reached XP level 2. HP: 4/15 MP: 0/6
   662 | D:1      | Reached skill level 5 in Air Magic
  1412 | D:2      | Reached XP level 3. HP: 19/19 MP: 2/7
  1550 | D:2      | You fall into a shaft and drop 1 floor!
  1723 | D:4      | Noticed Ijyb
  1723 | D:4      | Noticed an ogre
  1753 | D:3      | Reached skill level 6 in Air Magic
  1899 | D:4      | Learned a level 2 spell: Static Discharge
  1903 | D:4      | Learned a level 3 spell: Swiftness
  1947 | D:4      | Killed from afar by themself

Vanquished Creatures
  2 gnolls (D:3)
  3 dart slugs
  An orc (D:3)
  4 endoplasms
  6 goblins
  3 hobgoblins (D:1)
  A quokka (D:1)
  2 ball pythons (D:1)
  2 rats (D:1)
24 creatures vanquished.

Table legend: (Time is in decaauts)
 A = Elapsed time spent in this place.
 B = Non-inter-level travel time spent in this place.
 C = Inter-level travel time spent in this place.
 D = Time resting spent in this place.
 E = Time spent auto-exploring this place.
 F = Levels seen in this place.
 G = Mean time per level.
                   A        B        C        D        E       F      G
               +--------+--------+--------+--------+--------+-----+--------+
         Total |   1947 |   1857 |     90 |     24 |   1598 |   4 |  486.8 |
       Dungeon |   1947 |   1857 |     90 |     24 |   1598 |   4 |  486.8 |
               +--------+--------+--------+--------+--------+-----+--------+

Top non-repeatable levels by time:
     D:1: 1408 daAuts
     D:3: 324 daAuts
     D:2: 142 daAuts
     D:4: 72 daAuts

Table legend:
 A = Non-vault XP
 B = Vault XP
 C = Vault XP percentage of total XP
 D = Non-vault monster count
 E = Vault monster count
 F = Vault count percentage of total count
                 A         B        C        D         E       F
            +---------+---------+-------+---------+---------+-------
      Total |      75 |       0 |   0.0 |      24 |       0 |   0.0
            +---------+---------+-------+---------+---------+-------
        D:1 |      32 |       0 |   0.0 |      17 |       0 |   0.0
        D:2 |       5 |       0 |   0.0 |       2 |       0 |   0.0
        D:3 |      34 |       0 |   0.0 |       4 |       0 |   0.0
        D:4 |       4 |       0 |   0.0 |       1 |       0 |   0.0
            +---------+---------+-------+---------+---------+-------

Levels and vault maps discovered:
D:1:      lemuel_arrival_cross, layout_loops_ring, minivault_4, chequers_avenue
D:2:      kennysheep_big_flooded_room, layout_rooms
D:3:      layout_loops_ring, old_standard_altar, ebering_dispersal_statue_hall
D:4:      layout_loops_ring, mainiacjoe_overflow_cross_hatched,
          dk_yredelemnul_ordeal, uniq_ijyb
